 Dungeon Crawl Stone Soup version 0.19-a0-1111-gcceb26a (webtiles) character file.

53 Morbidden the Chopper (level 3, 0/29 HPs)
             Began as a Demonspawn Fighter on Aug 11, 2016.
             Succumbed to an adder's poison
             ... on level 2 of the Dungeon.
             The game lasted 00:01:45 (678 turns).

Morbidden the Chopper (Demonspawn Fighter)           Turns: 678, Time: 00:01:46

Health: 0/29       AC:  6    Str: 17    XL:     3   Next: 64%
Magic:  3/3        EV:  6    Int:  9    God:
Gold:   77         SH:  8    Dex: 12    Spells: 0 memorised, 2 levels left

rFire  . . .     SeeInvis .     a - +0 war axe
rCold  . . .     Gourm    .     b - +0 scale mail
rNeg   . . .     Faith    .     c - +0 shield
rPois  .         Spirit   .     (helmet restricted)
rElec  .         Dismiss  .     (no cloak)
rCorr  .         Reflect  .     (no gloves)
SustAt .         Harm     .     (no boots)
MR     .....                    (no amulet)
Stlth  ..........               (no ring)
                                (no ring)

@: lethally poisoned (0 -> -3)
A: antennae 1, claws 1
a: no special abilities


You were on level 2 of the Dungeon.
You were not hungry.

You visited 1 branch of the dungeon, and saw 2 of its levels.

You collected 77 gold pieces.

Inventory:

Hand Weapons
 a - a +0 war axe (weapon)
Armour
 b - a +0 scale mail (worn)
 c - a +0 shield (worn)
Scrolls
 e - 2 scrolls of remove curse {unknown}
 g - 3 scrolls of magic mapping {unknown}
 i - a scroll of noise {unknown}
 j - a scroll of amnesia {unknown}
 l - a scroll of recharging {unknown}
 m - 2 scrolls of identify {unknown}
Potions
 d - a potion of might
 h - a potion of magic {unknown}
 k - a potion of berserk rage {unknown}
 p - a potion of agility {unknown}
 q - a potion of lignification {unknown}
 r - a potion of cancellation {unknown}
 s - a potion of curing {unknown}
 t - 2 potions of heal wounds {unknown}
Comestibles
 f - 2 bread rations
 n - a meat ration
 o - a slice of pizza


   Skills:
 - Level 3.0 Fighting
 + Level 3.6 Axes
 - Level 2.6 Armour
 - Level 2.6 Shields


You had 2 spell levels left.
You didn't know any spells.

Dungeon Overview and Level Annotations

Branches:
Dungeon (2/15)

Altars:


Innate Abilities, Weirdness & Mutations

You have a pair of small antennae on your head.
You have sharp fingernails.


Message History

* * * LOW HITPOINT WARNING * * *
You feel sick. You block the adder's attack.
You block the giant gecko's attack.
Unknown command.
You hit the adder but do no damage. You hit the giant gecko.
* * * LOW HITPOINT WARNING * * *
You feel sick. The adder closely misses you.
You block the giant gecko's attack. The adder bites you but does no damage.
You slash the adder!
The adder is almost dead.
You closely miss the giant gecko. You block the giant gecko's attack.
The adder bites you.
* * * LOW HITPOINT WARNING * * *
The giant gecko bites you but does no damage.
The adder bites you but does no damage.
Unknown command.
You hit the adder.
You kill the adder!
Your shield and scale mail prevent you from hitting the giant gecko.
You die...

# #...# #...##### #
#.#.....#
..#####...###.#
#.............######
.##.####..#...........
......##.......†.....#
#..l....#.>†.....#
#†@#.)............
#...)†...............
#.##.##.#.##.........
# #. #..............
.. ###.######..##. ###
... ..# ..# .#


You could see a giant gecko.

Vanquished Creatures
  2 adders (D:2)
  3 dart slugs
  A ball python (D:1)
  A bat (D:2)
  2 giant cockroaches (D:1)
  4 goblins
  3 hobgoblins
  2 jackals (D:2)
  5 kobolds (D:1)
  2 giant newts (D:2)
  4 rats
29 creatures vanquished.

Notes
Turn   | Place    | Note
-------+----------+-------------------------------------------
     0 | D:1      | Morbidden the Demonspawn Fighter began the quest for the Orb.
     0 | D:1      | Reached XP level 1. HP: 18/18 MP: 1/1
   161 | D:1      | Gained mutation: You have sharp fingernails. [demonic ancestry]
   161 | D:1      | Reached XP level 2. HP: 16/24 MP: 2/2
   620 | D:2      | Gained mutation: You have a pair of small antennae on your head. [demonic ancestry]
   620 | D:2      | Reached XP level 3. HP: 29/29 MP: 3/3
   677 | D:2      | HP: 1/29 [adder (3)]
   678 | D:2      | Succumbed to an adder's poison

Vault maps used:
D:1:      shiori_arrival_maze, serial_park_tiny_1
D:2:      gammafunk_pakellas_cloud_experiment, first_bread

Skill      XL: |  1  2 |
---------------+-------+-----
Axes           | 2 3 |  3.6
Fighting       | |  3.0
Armour         | |  2.6
Shields        | |  2.6

Action                   || total
-------------------------++-------
Melee: War axe           ||    88
Armor: Scale mail        ||    47
Dodge: Dodged            ||    26
Block: Shield            ||    49
